 Dungeon Crawl Stone Soup version 0.21-a0-584-g185da8e (console) character file.

3833 nht the Slicer (level 9, -3/61 HPs)
             Began as a Demonspawn Hunter on Dec 21, 2017.
             Was a Priest of Dithmenos.
             Slain by a wyvern (12 damage)
             ... on level 9 of the Dungeon.
             The game lasted 00:18:49 (6809 turns).

nht the Slicer (Demonspawn Hunter)                  Turns: 6809, Time: 00:18:50

Health: -3/61      AC: 10    Str: 16    XL:     9   Next: 98%
Magic:  2/9        EV: 15    Int: 13    God:    Dithmenos [***...]
Gold:   318        SH:  0    Dex: 13    Spells: 0/8 levels left

rFire    + . .     SeeInvis .   c - +2 dagger (protect)
rCold    . . .     Gourm    .   (no shield)
rNeg     . . .     Faith    .   b - +1 leather armour
rPois    .         Spirit   .   (no helmet)
rElec    .         Reflect  .   (no cloak)
rCorr    .         Harm     .   j - +0 pair of gloves
MR       .....                  m - +0 pair of boots
Stlth    +++++.....             (no amulet)
HPRegen  0.20/turn              l - +3 ring of evasion
MPRegen  0.11/turn              y - +6 ring of slaying

@: wreathed by umbra
A: iridescent scales 2, fire resistance 1, nightstalker 1, flame cloud immunity
a: Shadow Step, Renounce Religion


You were on level 9 of the Dungeon.
You worshipped Dithmenos.
Dithmenos was most pleased with you.
You were not hungry.

You visited 2 branches of the dungeon, and saw 10 of its levels.

You collected 542 gold pieces.
You spent 224 gold pieces at shops.

Inventory:

Hand Weapons
 c - a +2 dagger of protection (weapon)
 C - a +0 dagger of venom
Missiles
 k - 44 poisoned needles
 o - 2 javelins (quivered)
 u - 8 tomahawks
Armour
 b - a +1 leather armour (worn)
 j - a +0 pair of gloves (worn)
 m - a +0 pair of boots (worn)
Jewellery
 l - a +3 ring of evasion (left hand)
 r - an uncursed amulet of the gourmand {unknown}
 v - an uncursed ring of stealth
 y - a +6 ring of slaying (right hand)
Wands
 i - a wand of digging (7)
Scrolls
 d - 2 scrolls of identify
 g - 3 scrolls of magic mapping
 n - 2 scrolls of teleportation
 p - 2 scrolls of enchant armour
 q - 4 scrolls of enchant weapon
 w - a scroll of remove curse
 z - a scroll of fog
Potions
 h - 2 potions of ambrosia
 t - 3 potions of flight
 x - 2 potions of magic
 B - 2 potions of mutation
Books
 e - a book of Maledictions

   Spells                             Type                      Level
   a - Corona                         Hexes                        1
   b - Ensorcelled Hibernation        Hexes/Ice                    2
   c - Confuse                        Hexes                        3
   d - Tukima's Dance                 Hexes                        3
   e - Dazzling Spray                 Conjuration/Hexes            3
Comestibles
 a - 5 chunks of flesh
 f - 9 rations


   Skills:
 - Level 2.0 Fighting
 - Level 10.0 Short Blades
 - Level 6.0 Throwing
 - Level 1.7 Dodging
 + Level 5.3 Stealth
 + Level 5.2 Hexes


You couldn't memorise any spells.
You knew the following spells:

 Your Spells              Type           Power        Failure   Level  Hunger
a - Ensorcelled Hibernat  Hex/Ice        #.....       21%         2    ###....
b - Confuse               Hex            ##......     14%         3    ####...
c - Tukima's Dance        Hex            ##......     14%         3    ####...


Dungeon Overview and Level Annotations

Branches:
Dungeon (9/15)             Temple (1/1) D:5            Lair (0/6) D:8
    Orc: D:9-12

Altars:
Ashenzari
Cheibriados
Dithmenos
Elyvilon
Fedhas
Gozag
Kikubaaqudgha
Makhleb
Nemelex Xobeh
Okawaru
Qazlal
Ru
Sif Muna
Trog
Uskayaw
Vehumet
Xom
Yredelemnul
Zin
The Shining One
Lugonu

Shops:
D:4 *   D:5 :*[[


Innate Abilities, Weirdness & Mutations

You are mostly covered in iridescent scales. (AC +4)
Your flesh is heat resistant. (rF+)
((Your demonic aura causes spilled blood to erupt in flames.))
You are slightly more attuned to the shadows.
You are immune to clouds of flame.


Message History

The wyvern completely misses you.
Casting: Confuse
Confirm with . or Enter, or press ? or * to list all spells.
Aiming: Ensorcelled Hibernation
Press: ? - help, Shift-Dir - straight line, f - wyvern
Aim: a wyvern (umbra, chance to defeat MR: 37%)
The wyvern easily resists.
The wyvern bites you! x2
* * * LOW HITPOINT WARNING * * *
Found a ration and a knobbly bronze ring.
The wyvern misses you.
Your magical contamination has completely faded away.
The wyvern bites you but does no damage.
The wyvern bites you.
* * * LOW HITPOINT WARNING * * *
You feel better. The wyvern misses you. The wyvern closely misses you.
The wyvern bites you.
* * * LOW HITPOINT WARNING * * *
Okay, then.
The wyvern bites you!
You die...

█.≈.≈≈.≈≈ █.≈.≈≈.≈≈
█.█.≈≈.≈≈ █.█.≈≈.≈≈
█.█.█≈.≈
█.....█....█.≈
█.....█....█.≈
█=.%..█....█
█.....█.█.██
███.█████.....█Y█.█
█.....@.█.....█.█..
█.█.███l█.....█n█
██ █n██.██.█.█
█....██...█


███████████ You could see a wyvern and a necrophage.

Vanquished Creatures
  A troll (D:7)
  3 orc warriors
  An ice beast (D:5)
  A sky beast (D:7)
  A black bear (D:7)
  A phantom (D:6)
  2 necrophages
  7 ogres
  2 centaurs
  A gnoll sergeant (D:7)
  4 bullfrogs
  2 scorpions (D:8)
  11 killer bees
  5 howler monkeys
  An electric eel (D:9)
  4 crimson imps
  2 bullfrog zombies
  A centaur skeleton (D:5)
  3 orc priests (D:6)
  4 iguanas
  5 orc wizards
  8 worker ants
  A hound skeleton (D:6)
  A worker ant zombie (D:7)
  3 gnolls (D:7)
  4 adders
  A shadow imp (D:7)
  An adder skeleton (D:5)
  An adder zombie (D:5)
  A worm (D:2)
  2 dart slugs (D:1)
  6 leopard geckos
  19 orcs
  2 giant cockroaches
  3 goblins
  4 hobgoblins
  9 quokkas
  6 bats
  3 frilled lizards
  2 jackal zombies (D:7)
  3 kobolds
  6 rats
148 creatures vanquished.

Vanquished Creatures (others)
  2 dancing weapons (D:8)
  An orc wizard (D:5)
3 creatures vanquished.

Grand Total: 151 creatures vanquished

Notes
Turn   | Place    | Note
-------+----------+-------------------------------------------
     0 | D:1      | nht the Demonspawn Hunter began the quest for the Orb.
     0 | D:1      | Reached XP level 1. HP: 16/16 MP: 1/1
   130 | D:1      | Gained mutation: You are partially covered in iridescent scales. (AC +2) [demonic ancestry]
   130 | D:1      | Reached XP level 2. HP: 15/22 MP: 2/2
   616 | D:2      | Found a shadowy altar of Dithmenos.
   618 | D:2      | Noticed an orc warrior
   752 | D:2      | Found a stormy altar of Qazlal.
   865 | D:2      | Gained mutation: You are slightly more attuned to the shadows. [demonic ancestry]
   865 | D:2      | Reached XP level 3. HP: 4/27 MP: 3/3
  1044 | D:2      | Killed an orc warrior
  1044 | D:2      | Reached skill level 5 in Throwing
  1044 | D:2      | Gained mutation: Your flesh is heat resistant. (rF+) [demonic ancestry]
  1044 | D:2      | Reached XP level 4. HP: 19/33 MP: 4/4
  1060 | D:2      | Gained mutation: You are mostly covered in iridescent scales. (AC +4) [demonic ancestry]
  1060 | D:2      | Reached XP level 5. HP: 13/38 MP: 5/5
  2122 | D:2      | Became a worshipper of Dithmenos the Shadowed
  2308 | D:3      | Found a shimmering altar of Xom.
  2310 | D:3      | Found a bloodstained altar of Trog.
  2414 | D:3      | Found an ancient bone altar of Kikubaaqudgha.
  2642 | D:4      | Noticed an ogre
  2644 | D:4      | Reached skill level 1 in Short Blades
  2834 | D:4      | Killed an ogre
  2834 | D:4      | Reached skill level 2 in Short Blades
  2834 | D:4      | Gained mutation: You are immune to clouds of flame. [demonic ancestry]
  2834 | D:4      | Reached XP level 6. HP: 44/44 MP: 6/6
  2894 | D:4      | Reached skill level 3 in Short Blades
  3031 | D:4      | Reached skill level 4 in Short Blades
  3363 | D:4      | Gained mutation: Your demonic aura causes spilled blood to erupt in flames. [demonic ancestry]
  3363 | D:4      | Reached XP level 7. HP: 45/50 MP: 7/7
  3374 | D:4      | Found Teulangi's Assorted Antiques.
  3401 | D:4      | Bought a scroll of teleportation for 78 gold pieces
  3401 | D:4      | Bought a scroll labeled QOTROM JUUDWEY for 26 gold pieces
  3401 | D:4      | Bought a scroll labeled UMIECA RECIVA for 26 gold pieces
  3401 | D:4      | Bought a ruby potion for 23 gold pieces
  3401 | D:4      | Bought a scroll labeled ERCHECR GEGHIOH for 26 gold pieces
  3646 | D:5      | Entered Level 5 of the Dungeon
  3675 | D:5      | Reached skill level 5 in Short Blades
  3703 | D:5      | Reached * piety under Dithmenos
  3728 | D:5      | Reached skill level 6 in Short Blades
  3895 | D:5      | Reached XP level 8. HP: 43/56 MP: 8/8
  3911 | D:5      | Reached skill level 7 in Short Blades
  3937 | D:5      | Found Kuixuf's Book Shop.
  4004 | D:5      | Found a basalt altar of Yredelemnul.
  4065 | D:5      | Found a staircase to the Ecumenical Temple.
  4143 | D:5      | Found Miafol's General Store.
  4158 | D:5      | Got a heavily runed plate armour
  4159 | D:5      | Identified the cursed +0 plate armour of Anaesthesia {rPois rC++ Int-4 Dex-3} (You found it on level 5 of the Dungeon)
  4198 | D:5      | Found Roloeh's Armour Emporium.
  4229 | D:5      | Found Ungek's Armour Boutique.
  4468 | D:6      | Reached skill level 8 in Short Blades
  4529 | D:6      | Found a glowing silver altar of Zin.
  4578 | D:5      | Bought a scroll of remove curse for 45 gold pieces
  4617 | Temple   | Entered the Ecumenical Temple
  4733 | D:6      | Found a shattered altar of Ashenzari.
  4804 | D:6      | Reached skill level 9 in Short Blades
  4863 | D:6      | Reached XP level 9. HP: 57/61 MP: 9/9
  4988 | D:6      | Found a radiant altar of Vehumet.
  4988 | D:6      | Found a burning altar of Makhleb.
  5095 | D:6      | Reached ** piety under Dithmenos
  5178 | D:6      | Reached skill level 10 in Short Blades
  5182 | D:6      | Learned a level 2 spell: Ensorcelled Hibernation
  5281 | D:6      | Found a glowing golden altar of the Shining One.
  5375 | D:7      | Reached skill level 1 in Stealth
  5383 | D:7      | Reached skill level 1 in Hexes
  5813 | D:7      | Noticed a troll
  5827 | D:7      | Killed a troll
  5947 | D:7      | Reached *** piety under Dithmenos
  5952 | D:7      | Learned a level 3 spell: Confuse
  6132 | D:8      | Noticed a two-headed ogre
  6153 | D:7      | Learned a level 3 spell: Tukima's Dance
  6217 | D:8      | Reached skill level 5 in Stealth
  6238 | D:8      | Reached skill level 5 in Hexes
  6250 | D:8      | Found a hide-covered altar of Uskayaw.
  6252 | D:8      | Noticed a dagger
  6253 | D:8      | Noticed a dagger
  6415 | D:8      | Noticed a two-headed ogre
  6432 | D:8      | Found a staircase to the Lair.
  6713 | D:9      | Found a snail-covered altar of Cheibriados.
  6804 | D:9      | HP: 3/61 [wyvern (5)]
  6809 | D:9      | Slain by a wyvern

Vault maps used:
D:1:      dpeg_arrival_rhombus, kennysheep_boxes
D:2:      grunt_dithmenos_smoke, old_standard_altar,
          hangedman_abyss_or_decor_stabs, nrook_loot_triangle
D:3:      grunt_temple_overflow_open, lemuel_crystal_altar, first_ration
D:4:      serial_shops, nicolae_shop_overgrown_old_shop
D:5:      yredelemnul_altar_generic, minmay_temple_entry_grid, serial_shops,
          shop, nicolae_shop_behind_doors, shop, shop
D:6:      grunt_temple_overflow_lords_of_destruction, lemuel_crystal_altar,
          tso_metal_star, hex_medium, amethyst_killhole,
          cheibrodos_ashenzari_chains
D:8:      minitemple, dancing_weapons_uskayaw, david_lair_generic,
          serial_corexii_hall, corexii_hall_statues_u, corexii_hall_statues_t
D:9:      lemuel_doored_altar
Temple:   corrupted_temple

Skill      XL: |  1  2  3  4  5  6  7  8  9 |
---------------+----------------------------+-----
Throwing       | 4 5 6 |  6.0
Short Blades   | 2 4 6 9 10 | 10.0
Stealth        | 5 |  5.3
Hexes          | 5 |  5.2
Fighting       | |  2.0
Dodging        | |  1.7

Action                   |  1- 3 |  4- 6 |  7- 9 || total
-------------------------+-------+-------+-------++-------
Melee: Short sword       |    97 |       |       ||    97
       Dagger            |     9 |   146 |   454 ||   609
Throw: Javelin           |     6 |    12 |    19 ||    37
       Throwing net      |     1 |     3 |       ||     4
       Tomahawk          |       |       |     9 ||     9
 Cast: Ensorcelled Hiber |       |       |    16 ||    16
       Tukima's Dance    |       |       |     6 ||     6
       Confuse           |       |       |     1 ||     1
  Use: Scroll            |     4 |     1 |    13 ||    18
       Potion            |     6 |       |    11 ||    17
 Stab: Sleeping          |       |     9 |    13 ||    22
       Held in net/web   |       |     3 |       ||     3
       Invisible         |       |       |     8 ||     8
       Distracted        |       |       |     2 ||     2
       Confused          |       |       |     1 ||     1
  Eat: Chunk             |       |     8 |    11 ||    19
       Ration            |       |       |     1 ||     1
Armor: Leather armour    |    23 |    40 |    75 ||   138
       Plate armour      |       |       |    18 ||    18
Dodge: Dodged            |    86 |    94 |   289 ||   469

Table legend:
 A = Spawn XP
 B = Non-spawn XP
 C = Spawn XP percentage of total XP
 D = Spawn monster count
 E = Non-spawn monster count
 F = Spawn count percentage of total count
 G = Total turns spent on level
                    A         B        C        D         E        F      G
               +---------+---------+-------+---------+---------+-------+---------
         Total |       0 |    5476 |   0.0 |       0 |     149 |   0.0 |  6809
               +---------+---------+-------+---------+---------+-------+---------
           D:1 |       0 |      29 |   0.0 |       0 |      17 |   0.0 |   608
           D:2 |       0 |     200 |   0.0 |       0 |      15 |   0.0 |  1532
           D:3 |       0 |       8 |   0.0 |       0 |       4 |   0.0 |   524
           D:4 |       0 |     560 |   0.0 |       0 |      14 |   0.0 |   982
           D:5 |       0 |     911 |   0.0 |       0 |      27 |   0.0 |   906
           D:6 |       0 |    1491 |   0.0 |       0 |      25 |   0.0 |   758
           D:7 |       0 |    1926 |   0.0 |       0 |      38 |   0.0 |   917
           D:8 |       0 |     254 |   0.0 |       0 |       5 |   0.0 |   192
           D:9 |       0 |      97 |   0.0 |       0 |       4 |   0.0 |   345
               +---------+---------+-------+---------+---------+-------+---------
